 Dungeon Crawl Stone Soup version 0.29.0-13-gc9e81de378 (webtiles) character file.

Game seed: 7825682106681789781

2966 Renzlar the Blocker (level 9, 0/74 HPs)
             Began as a Gnoll Fighter on Sept 11, 2022.
             Was an Initiate of Okawaru.
             Killed from afar by a gargoyle (25 damage)
             ... with a stone arrow
             ... on level 7 of the Dungeon.
             The game lasted 00:20:53 (6905 turns).

Renzlar the Blocker (Gnoll Fighter)                 Turns: 6905, Time: 00:20:53

Health: 0/74       AC: 10    Str: 19    XL:     9   Next: 82%
Magic:  0/16       EV: 11    Int:  9    God:    Okawaru [......]
Gold:   451        SH:  6    Dex: 11    Spells: 17/17 levels left

rFire   . . .      SeeInvis .   b - +2 long sword (flame)
rCold   . . .      Faith    .   s - +0 buckler
rNeg    . . .      Spirit   +   k - +1 scale mail
rPois   +          Reflect  .   (no helmet)
rElec   .          Harm     .   g - +0 cloak
rCorr   .          Rampage  .   (no gloves)
Will    .....                   (no boots)
Stlth   +.........              i - amulet of guardian spirit
HPRegen 0.22/turn               q - ring of poison resistance
MPRegen 0.15/turn               (no ring)

@: no status effects
A: fangs 1, strong nose, distributed training
a: Renounce Religion


You were on level 7 of the Dungeon.
You worshipped Okawaru.
Okawaru was noncommittal.
You visited 2 branches of the dungeon, and saw 8 of its levels.
You also visited: Sewer.

You collected 451 gold pieces.

Inventory:

Hand Weapons
 a - a +1 war axe of venom
 b - a +2 long sword of flaming (weapon)
 c - a +0 sling
 h - a +2 dagger of venom
 w - a +0 club
Missiles
 m - 49 poisoned darts (quivered)
Armour
 g - a +0 cloak (worn)
 k - a +1 scale mail (worn)
 s - a +0 buckler (worn)
Jewellery
 i - an amulet of guardian spirit (around neck)
 q - a ring of poison resistance (left hand)
 v - a ring of wizardry
Wands
 p - a wand of mindburst (15)
 r - a wand of paralysis (7)
 u - a wand of iceblast (10)
Scrolls
 l - 3 scrolls of teleportation
Potions
 d - 2 potions of might
 e - a potion of berserk rage
 f - a potion of heal wounds
 j - a potion of curing
 n - a potion of mutation
 o - a potion of resistance
 t - a potion of lignification {unknown}


   Skills:
 + Level 8.2 Fighting
 + Level 4.8 Short Blades
 + Level 4.8 Long Blades
 + Level 6.7 Axes
 + Level 4.8 Maces & Flails
 + Level 4.8 Polearms
 + Level 4.8 Staves
 + Level 4.8 Ranged Weapons
 + Level 4.8 Throwing
 + Level 8.2 Armour
 + Level 4.8 Dodging
 + Level 4.8 Stealth
 + Level 8.2 Shields
 + Level 4.8 Unarmed Combat
 + Level 4.8 Spellcasting
 + Level 4.0 Conjurations
 + Level 4.0 Hexes
 + Level 4.0 Summonings
 + Level 4.0 Necromancy
 + Level 4.0 Translocations
 + Level 4.0 Transmutations
 + Level 4.0 Fire Magic
 + Level 4.0 Ice Magic
 + Level 4.0 Air Magic
 + Level 4.0 Earth Magic
 + Level 4.0 Poison Magic
 + Level 5.3 Invocations
 + Level 4.8 Evocations


You had 17 spell levels left.
You didn't know any spells.
Your spell library contained the following spells:

 Spells                   Type           Power      Damage    Failure   Level
 Ensorcelled Hibernation  Hex/Ice        18%        N/A       24%         2
 Gell's Gravitas          Tloc           9%         N/A       43%         3
 Lesser Beckoning         Tloc           9%         N/A       43%         3
 Spider Form              Tmut/Pois      9%         N/A       43%         3
 Teleport Other           Tloc           9%         N/A       43%         3
 Anguish                  Hex/Necr       4%         N/A       83%         4


Dungeon Overview and Level Annotations

Branches:
Dungeon (7/15)             Temple (1/1) D:7           Sewer (visited)

Altars:
Dithmenos
Elyvilon
Gozag
Makhleb
Nemelex Xobeh
Okawaru
Qazlal
Ru
Xom
Zin


Innate Abilities, Weirdness & Mutations

You have very sharp teeth.
Your uncanny sense of smell can sniff out nearby items.
Your experience applies equally to all skills.


Message History

The gargoyle is lightly damaged.
You block the gargoyle's attack.
You hit the gargoyle. You burn the gargoyle.
The gargoyle is moderately damaged.
You block the gargoyle's attack.
You hit the gargoyle but do no damage.
The gargoyle is moderately damaged.
The gargoyle hits you with a +0 mace!
You hit the gargoyle but do no damage.
You bite the gargoyle, but do no damage.
The gargoyle is moderately damaged.
The gargoyle closely misses you.
You hit the gargoyle but do no damage.
You bite the gargoyle, but do no damage.
The gargoyle is moderately damaged.
The gargoyle barely misses you. You block the gargoyle's attack.
You hit the gargoyle but do no damage.
You bite the gargoyle, but do no damage.
The gargoyle is lightly damaged.
The gargoyle hits you with a +0 mace!
You hit the gargoyle but do no damage.
The gargoyle is lightly damaged.
You block the gargoyle's attack.
You hit the gargoyle. You burn the gargoyle.
The gargoyle is heavily damaged.
The gargoyle hurls a stone arrow at you.
The stone arrow hits you!!
You barely miss the gargoyle.
The gargoyle is heavily damaged.
The gargoyle hits you with a +0 mace.
You barely miss the gargoyle.
You bite the gargoyle, but do no damage.
The gargoyle is heavily damaged.
The gargoyle barely misses you.
You barely miss the gargoyle. Your bite misses the gargoyle.
The gargoyle is heavily damaged.
The gargoyle hits you with a +0 mace.
The gargoyle hurls a stone arrow at you.
The stone arrow hits you!!
You die...

..#####.##.#.........#
# ..# #.##.#.........#
..#####.##.#..........
.................####
....###..#####.### ##∆
...###..# #..#
##+.+##∆ ........#
#.###+.....+#
...####.#
#.#9#.......# # #.#
#.##@.......+# #.#
#.##....8....# #.#
#.##).......+ #.#
#.#[#.......#∆
#.####.###'.....+#
#.......#8##...##∆
#######.###8...8#
#...##...##...
###...........


You could see a gargoyle.

Vanquished Creatures
  A gargoyle (D:7)
  Maggie (D:7)
  Menkaure (D:7)
  A water moccasin (D:6)
  2 ice beasts (D:6)
  2 sky beasts (D:7)
  2 centaurs
  A phantom (D:5)
  Blork the orc (D:6)
  5 kobold brigands
  A bullfrog (D:7)
  4 scorpions
  A necrophage (D:6)
  A howler monkey (D:5)
  2 hounds
  A jelly (D:5)
  3 orc priests
  A gnoll bouda (D:5)
  4 iguanas
  2 orc wizards (D:7)
  7 gnolls
  15 adders
  7 river rats
  A white imp (D:6)
  6 worms
  2 dart slugs
  8 orcs
  12 ball pythons
  5 bats
  11 endoplasms
  6 giant cockroaches
  6 goblins
  10 hobgoblins
  2 quokkas
  5 frilled lizards
  38 kobolds
  27 rats
205 creatures vanquished.

Vanquished Creatures (others)
  8 plants (D:5)
8 creatures vanquished.

Grand Total: 213 creatures vanquished

Notes
Turn   | Place    | Note
-------+----------+-------------------------------------------
     0 | D:1      | Renzlar the Gnoll Fighter began the quest for the Orb.
     0 | D:1      | Reached XP level 1. HP: 23/23 MP: 1/1
   165 | D:1      | Reached XP level 2. HP: 29/29 MP: 2/2
   696 | D:1      | Reached XP level 3. HP: 35/35 MP: 3/3
  1072 | D:2      | Reached skill level 1 in Invocations
  1349 | D:2      | Reached skill level 1 in Short Blades
  1349 | D:2      | Reached skill level 1 in Long Blades
  1349 | D:2      | Reached skill level 1 in Maces & Flails
  1349 | D:2      | Reached skill level 1 in Polearms
  1349 | D:2      | Reached skill level 1 in Staves
  1349 | D:2      | Reached skill level 1 in Ranged Weapons
  1349 | D:2      | Reached skill level 1 in Throwing
  1349 | D:2      | Reached skill level 1 in Dodging
  1349 | D:2      | Reached skill level 1 in Stealth
  1349 | D:2      | Reached skill level 1 in Unarmed Combat
  1349 | D:2      | Reached skill level 1 in Spellcasting
  1349 | D:2      | Reached skill level 1 in Evocations
  1516 | D:2      | Reached XP level 4. HP: 33/41 MP: 5/5
  1591 | D:2      | Reached skill level 1 in Conjurations
  1591 | D:2      | Reached skill level 1 in Hexes
  1591 | D:2      | Reached skill level 1 in Summonings
  1591 | D:2      | Reached skill level 1 in Necromancy
  1591 | D:2      | Reached skill level 1 in Translocations
  1591 | D:2      | Reached skill level 1 in Transmutations
  1591 | D:2      | Reached skill level 1 in Fire Magic
  1591 | D:2      | Reached skill level 1 in Ice Magic
  1591 | D:2      | Reached skill level 1 in Air Magic
  1591 | D:2      | Reached skill level 1 in Earth Magic
  1591 | D:2      | Reached skill level 1 in Poison Magic
  2104 | D:3      | Reached XP level 5. HP: 47/47 MP: 7/7
  2671 | D:3      | Found a faded altar of an unknown god.
  2963 | D:4      | Found a shimmering altar of Xom.
  2963 | D:4      | Found a shimmering altar of Xom.
  2989 | D:4      | Found a shimmering altar of Xom.
  3231 | D:4      | Reached XP level 6. HP: 53/53 MP: 8/8
  3358 | D:4      | Found a glowing drain.
  3367 | Sewer    | Entered a sewer
  3428 | Sewer    | Reached skill level 5 in Axes
  3790 | Sewer    | Reached XP level 7. HP: 52/59 MP: 8/10
  4181 | D:4      | Found a sparkling altar of Nemelex Xobeh.
  4242 | D:5      | Entered Level 5 of the Dungeon
  4550 | D:5      | Reached XP level 8. HP: 63/67 MP: 10/12
  5153 | D:6      | Noticed Blork the orc
  5161 | D:6      | Killed Blork the orc
  5378 | D:6      | Reached XP level 9. HP: 73/73 MP: 14/14
  5641 | D:6      | Found a stormy altar of Qazlal.
  5658 | D:6      | Found an opulent altar of Gozag.
  6029 | D:7      | Noticed Menkaure
  6030 | D:7      | Found a staircase to the Ecumenical Temple.
  6040 | D:7      | Killed Menkaure
  6336 | D:7      | Noticed Maggie
  6367 | D:7      | Killed Maggie
  6371 | D:7      | Reached skill level 5 in Invocations
  6386 | Temple   | Entered the Ecumenical Temple
  6573 | Temple   | Became a worshipper of Warmaster Okawaru
  6730 | D:7      | Noticed a gargoyle
  6740 | D:7      | Killed a gargoyle
  6891 | D:7      | Noticed a gargoyle
  6905 | D:7      | Killed from afar by a gargoyle

Illustrated notes

Levels and vault maps discovered:
D:1:      nzn_arrival_depleted_hourglass, layout_basic
D:2:      layout_basic
D:3:      layout_loops_ring, dilly_ecumenical_altar_fadedgnrine,
          kennysheep_generic_room_6
D:4:      layout_cave_pools, xom_redecorated, nemelex_diamond_rough_becter,
          lightli_sewer_entry_pipes
D:5:      layout_rooms, nicolae_grassy_gnolls
D:6:      layout_loops_ring, mainiacjoe_overflow_big_doors,
          kennysheep_generic_room_15, uniq_blork_the_orc
D:7:      cheibrodos_statue_roulette, layout_loops_ring,
          dancing_weapons_uskayaw, mainiacjoe_overflow_brackets,
          minmay_temple_entry_grid, uniq_menkaure, uniq_maggie
Temple:   minmay_temple_curvy_branch

Skill      XL: |  1  2  3  4  5  6  7  8  9 |
---------------+----------------------------+-----
Invocations    | 1 2 3 4 5 |  5.3
Short Blades   | 1 2 3 4 |  4.8
Long Blades    | 1 2 3 4 |  4.8
Maces & Flails | 1 2 3 4 |  4.8
Polearms       | 1 2 3 4 |  4.8
Staves         | 1 2 3 4 |  4.8
Ranged Weapons | 1 2 3 4 |  4.8
Throwing       | 1 2 3 4 |  4.8
Dodging        | 1 2 3 4 |  4.8
Stealth        | 1 2 3 4 |  4.8
Unarmed Combat | 1 2 3 4 |  4.8
Spellcasting   | 1 2 3 4 |  4.8
Evocations     | 1 2 3 4 |  4.8
Conjurations   | 1 2 3 4 |  4.0
Hexes          | 1 2 3 4 |  4.0
Summonings     | 1 2 3 4 |  4.0
Necromancy     | 1 2 3 4 |  4.0
Translocations | 1 2 3 4 |  4.0
Transmutations | 1 2 3 4 |  4.0
Fire Magic     | 1 2 3 4 |  4.0
Ice Magic      | 1 2 3 4 |  4.0
Air Magic      | 1 2 3 4 |  4.0
Earth Magic    | 1 2 3 4 |  4.0
Poison Magic   | 1 2 3 4 |  4.0
Axes           | 5 6 |  6.7
Fighting       | 7 8 |  8.2
Armour         | 7 8 |  8.2
Shields        | 7 8 |  8.2

Action                   |  1- 3 |  4- 6 |  7- 9 || total
-------------------------+-------+-------+-------++-------
Melee: War axe           |    96 |   173 |   223 ||   492
       Bite              |     3 |     7 |    38 ||    48
       Long sword        |       |       |    21 ||    21
       Dagger            |       |       |     2 ||     2
 Fire: Sling             |       |       |    10 ||    10
Throw: Throwing net      |       |       |     3 ||     3
  Use: Scroll            |     8 |     6 |     6 ||    20
       Potion            |       |       |     3 ||     3
Armor: Scale mail        |    41 |    88 |    83 ||   212
Dodge: Dodged            |    24 |    76 |   105 ||   205
Block: Buckler           |    28 |    38 |    68 ||   134
